 Dungeon Crawl Stone Soup version 0.19.5 (webtiles) character file.

18120 Kisielow the Nimble (level 12, -2/92 HPs)
             Began as a Merfolk Transmuter on May 22, 2017.
             Was an Elder of Qazlal.
             Slain by a crocodile (14 damage)
             ... on level 2 of the Lair of Beasts.
             The game lasted 00:40:28 (13865 turns).

Kisielow the Nimble (Merfolk Transmuter)           Turns: 13865, Time: 00:40:29

Health: -2/92      AC:  2    Str: 11    XL:     12   Next: 55%
Magic:  10/17      EV: 33    Int: 17    God:    Qazlal [****..]
Gold:   1389       SH:  5    Dex: 19    Spells: 3 memorised, 3 levels left

rFire  . . .     SeeInvis .       - Unarmed
rCold  . . .     Gourm    .     (armour currently unavailable)
rNeg   + . .     Faith    .     (shield currently unavailable)
rPois  x         Spirit   .     (helmet currently unavailable)
rElec  .         Reflect  .     (cloak currently unavailable)
rCorr  .         Harm     .     (gloves currently unavailable)
MR     ++++.     Clarity  +     (boots currently unavailable)
Stlth  +.........               L - amulet of the Four Winds {rN+ MR+++ Clar}
                                C - ring of wizardry
                                F - ring of protection from magic

@: spider-form, slowed, repel missiles, very slow
A: (change form in water), (swift swim), (stealthy swim)
a: End Transformation, Upheaval, Elemental Force, Renounce Religion


You were on level 2 of the Lair of Beasts.
You worshipped Qazlal.
Qazlal was greatly pleased with you.
You were hungry.
You were a venomous arachnid creature.
You visited 4 branches of the dungeon, and saw 14 of its levels.
You also visited: Sewer.

You collected 1389 gold pieces.

Inventory:

Armour
 E - a +4 troll leather armour (melded)
 M - a +2 pair of boots of flying (melded)
Jewellery
 C - a ring of wizardry (right front leg)
 F - a ring of protection from magic (left front leg)
 L - the amulet of the Four Winds (around neck) {rN+ MR+++ Clar}
   (You found it on level 7 of the Dungeon)

   [amulet of nothing]

   It protects you from negative energy.
   It affects your resistance to hostile enchantments.
   It protects you against confusion.
Wands
 r - a wand of confusion (29/48)
 H - a wand of enslavement (17/24)
 N - a wand of lightning (9/15)
Scrolls
 j - 4 scrolls of fear
 x - 5 scrolls of teleportation
 I - 3 scrolls of magic mapping
 O - a scroll of identify
 Q - a scroll of blinking
 U - a scroll of remove curse
Potions
 e - 2 potions of heal wounds
 i - 2 potions of curing
 l - 4 potions of might
 n - 6 potions of magic
 q - 4 potions of brilliance
 u - 2 potions of cure mutation
 w - 3 potions of haste
 z - a potion of agility
 J - a potion of cancellation
Comestibles
 a - 27 chunks of flesh
 d - 11 bread rations
 k - 9 beef jerkies
 m - 7 meat rations
 D - 25 fruits
 K - 10 royal jellies
 P - a slice of pizza


   Skills:
 - Level 8.0 Fighting
 - Level 13.0 Dodging
 - Level 10.0 Unarmed Combat
 - Level 2.0 Spellcasting
 - Level 12.0 Transmutations
 + Level 7.9 Invocations
 + Level 7.3 Evocations


You had 3 spell levels left.
You knew the following spells:

 Your Spells              Type           Power        Failure   Level  Hunger
e - Ice Form              Ice/Tmut       ###.....     16%         4    #####..
q - Spider Form           Tmut/Pois      ###.......   7%          3    ###....
w - Blade Hands           Tmut           #####.....   6%          5    ######.


Dungeon Overview and Level Annotations

Branches:
Dungeon (10/15)            Temple (1/1) D:7            Lair (2/6) D:10
    Orc (1/2) D:10
  Swamp: Lair:2-4    Shoals: Lair:2-4     Snake: Lair:2-4    Spider: Lair:2-4

Altars:
Ashenzari
Cheibriados
Dithmenos
Elyvilon
Fedhas
Gozag
Hepliaklqana
Kikubaaqudgha
Makhleb
Nemelex Xobeh
Okawaru
Qazlal
Ru
Sif Muna
Trog
Uskayaw
Vehumet
Xom
Yredelemnul
Zin
The Shining One

Shops:
D:4 [


Message History

The torpor snail is heavily wounded.
The torpor snail bites you but does no damage.
The crocodile barely misses you.
You slash the torpor snail!
The torpor snail is severely wounded.
The crocodile closely misses you. The torpor snail bites you!!
* * * LOW HITPOINT WARNING * * *
You are too injured to fight recklessly!
Casting: Blade Hands
Confirm with . or Enter, or press ? or * to list all spells.
Your hands revert to their normal proportions.
You turn into a venomous arachnid creature.
Your +2 pair of boots of flying melds into your body.
Your +4 troll leather armour melds into your body.
You float gracefully downwards.
You block the crocodile's attack. You block the torpor snail's attack.
The crocodile completely misses you.
You hit the crocodile but do no damage. The torpor snail bites you!
* * * LOW HITPOINT WARNING * * *
The crocodile bites you!
You die...

.........##
....>....# ...⌠...
.........# .. ....
##.##.'### ⌠..>..⌠
####...# . ..... #
#..### ##...⌠.
###+...### #.#..
#........## ###tw#
#........#.###%#s#
.#.......+....÷..#
.#!......#P#.#####
.+.......#####
P...<....#
#######..# #..##
##.<# ###..## ####
##


You could see a torpor snail and a crocodile.

Vanquished Creatures
  Harold (D:10)
  A hydra (Lair:2)
  3 hill giants
  An orc sorcerer (Orc:1)
  Pikel (D:9)
  Joseph (D:7)
  Maurice (D:10)
  Psyche (D:9)
  A spiny frog (Lair:1)
  A komodo dragon (Lair:1)
  A queen bee (D:9)
  A troll (D:9)
  4 hippogriffs
  24 yaks
  The ghost of Azzok the Skirmisher, an amateur CeFi (D:4)
  A hungry ghost (D:8)
  A wraith (D:10)
  3 water moccasins
  A swamp drake (D:10)
  3 porcupines
  3 ice beasts
  5 orc warriors
  2 sky beasts
  3 black bears
  A slave (D:9)
  12 ogres
  3 phantoms
  A necrophage (D:10)
  6 centaurs
  7 crocodiles
  9 bullfrogs
  4 big kobolds (Sewer)
  A wyvern zombie (D:9)
  4 scorpions
  18 killer bees
  3 wights (D:7)
  2 howler monkeys (D:5)
  An electric eel (Lair:2)
  6 crimson imps
  2 centaur zombies
  A bullfrog zombie (D:5)
  7 orc priests
  A quasit (D:8)
  4 hounds
  2 jellies
  A centaur skeleton (D:8)
  11 orc wizards
  A bullfrog skeleton (D:8)
  5 iguanas
  6 worker ants
  A howler monkey zombie (D:6)
  4 worker ant zombies
  A howler monkey skeleton (D:4)
  9 adders
  3 river rats (Sewer)
  5 shadow imps
  4 oozes
  An adder zombie (D:7)
  6 worms
  2 dart slugs (D:4)
  6 leopard geckos
  31 orcs
  6 giant cockroaches
  8 goblins
  6 hobgoblins
  10 jackals
  12 kobolds
  6 quokkas
  3 ball pythons (Sewer)
  6 bats
  8 frilled lizards
  A giant cockroach zombie (D:6)
  2 jackal skeletons
  A leopard gecko skeleton (D:4)
  10 rats
  A butterfly (Lair:2)
  4 fungi
341 creatures vanquished.

Vanquished Creatures (others)
  2 slaves (D:9)
  2 killer bees (D:9)
  3 orcs
7 creatures vanquished.

Grand Total: 348 creatures vanquished

Notes
Turn   | Place    | Note
-------+----------+-------------------------------------------
     0 | D:1      | Kisielow the Merfolk Transmuter began the quest for the Orb.
     0 | D:1      | Reached XP level 1. HP: 15/15 MP: 3/3
    51 | D:1      | Reached XP level 2. HP: 7/21 MP: 5/5
  1467 | D:2      | Reached XP level 3. HP: 26/26 MP: 6/6
  1574 | D:2      | Learned a level 3 spell: Spider Form
  2025 | D:3      | Found a shattered altar of Ashenzari.
  2311 | D:3      | Reached skill level 5 in Unarmed Combat
  2348 | D:3      | Noticed an ogre
  2370 | D:3      | Killed an ogre
  2370 | D:3      | Reached skill level 5 in Transmutations
  2370 | D:3      | Reached XP level 4. HP: 27/32 MP: 2/7
  2370 | D:3      | Reached XP level 5. HP: 31/37 MP: 2/8
  2475 | D:3      | Found a shadowy altar of Dithmenos.
  2475 | D:3      | Found a glowing golden altar of the Shining One.
  2475 | D:3      | Found a glowing silver altar of Zin.
  2654 | D:3      | Found a stormy altar of Qazlal.
  2672 | D:3      | Became a worshipper of Qazlal Stormbringer
  3155 | D:4      | Noticed an ogre
  3164 | D:4      | Killed an ogre
  3164 | D:4      | Reached skill level 3 in Dodging
  3164 | D:4      | Reached XP level 6. HP: 43/43 MP: 9/9
  3296 | D:4      | Reached skill level 4 in Dodging
  3301 | D:4      | Noticed Azzok's ghost (amateur CeFi)
  3384 | D:5      | Entered Level 5 of the Dungeon
  3490 | D:5      | Found a snail-covered altar of Cheibriados.
  3794 | D:5      | Found a glowing drain.
  3799 | Sewer    | Entered a sewer
  3808 | Sewer    | Reached * piety under Qazlal
  3808 | Sewer    | Reached skill level 5 in Dodging
  3808 | Sewer    | Reached XP level 7. HP: 50/50 MP: 10/10
  4114 | Sewer    | Reached skill level 6 in Dodging
  4497 | D:5      | Reached XP level 8. HP: 41/58 MP: 11/11
  4522 | D:5      | Reached skill level 7 in Dodging
  4740 | D:5      | Reached skill level 8 in Dodging
  5339 | D:6      | Reached skill level 9 in Dodging
  5503 | D:6      | Found a deep blue altar of Sif Muna.
  5819 | D:4      | Reached ** piety under Qazlal
  5934 | D:4      | Killed Azzok's ghost
  5934 | D:4      | Reached skill level 5 in Fighting
  5934 | D:4      | Reached XP level 9. HP: 48/68 MP: 12/12
  6154 | D:4      | Found Ried Iplaeg's Antique Armour Shop.
  6443 | D:6      | Reached skill level 10 in Dodging
  6836 | D:7      | Learned a level 5 spell: Blade Hands
  6841 | D:7      | Learned a level 4 spell: Ice Form
  6929 | D:7      | Noticed Joseph
  6942 | D:7      | Found a shimmering altar of Xom.
  6944 | D:7      | Found a hazy altar of Hepliaklqana.
  6945 | D:7      | Noticed a spectral ugly thing
  7030 | D:7      | Killed Joseph
  7046 | D:7      | Reached skill level 11 in Dodging
  7427 | D:7      | Found a staircase to the Ecumenical Temple.
  7856 | D:7      | Reached XP level 10. HP: 61/77 MP: 13/13
  8375 | Temple   | Entered the Ecumenical Temple
  8507 | D:7      | Reached skill level 12 in Dodging
  8538 | D:8      | Found a sparkling altar of Nemelex Xobeh.
  9448 | D:8      | Reached *** piety under Qazlal
  9699 | D:9      | Reached skill level 13 in Dodging
  9920 | D:9      | Noticed Psyche
 10043 | D:9      | Noticed a hill giant
 10045 | D:9      | Killed Psyche
 10045 | D:9      | Reached skill level 1 in Invocations
 10045 | D:9      | Reached skill level 1 in Evocations
 10057 | D:9      | Killed a hill giant
 10138 | D:9      | Found a glowing golden altar of the Shining One.
 10151 | D:9      | Reached XP level 11. HP: 66/86 MP: 11/14
 10304 | D:9      | Noticed Pikel
 10315 | D:9      | Killed Pikel
 10355 | D:9      | Reached skill level 10 in Unarmed Combat
 11046 | D:10     | Entered Level 10 of the Dungeon
 11090 | D:10     | Reached **** piety under Qazlal
 11274 | D:10     | Noticed a hill giant
 11279 | D:10     | Killed a hill giant
 11411 | D:10     | Reached skill level 10 in Transmutations
 11449 | D:10     | Noticed a hill giant
 11460 | D:10     | Killed a hill giant
 11735 | D:10     | Noticed Maurice
 11744 | D:10     | Killed Maurice
 11761 | D:10     | Found a staircase to the Lair.
 11843 | D:10     | Reached skill level 5 in Invocations
 11890 | D:10     | Noticed Harold
 11926 | D:10     | Killed Harold
 11926 | D:10     | Reached skill level 5 in Evocations
 11976 | D:10     | Found a staircase to the Orcish Mines.
 12207 | Lair:1   | Entered Level 1 of the Lair of Beasts
 12223 | Lair:1   | Reached XP level 12. HP: 92/92 MP: 12/16
 12959 | Lair:1   | Identified a scroll of acquirement
 13060 | Orc:1    | Entered Level 1 of the Orcish Mines
 13245 | Orc:1    | Reached ***** piety under Qazlal
 13644 | Lair:2   | Noticed a six-headed hydra
 13646 | Lair:2   | Killed a six-headed hydra
 13865 | Lair:2   | Slain by a crocodile

Skill      XL: |  1  2  3  4  5  6  7  8  9 10 11 12 |
---------------+-------------------------------------+-----
Unarmed Combat | 4 5 6 7 8 9 10 | 10.0
Transmutations | 5 6 7 11 12 | 12.0
Dodging        | 3 5 6 9 11 13 | 13.0
Fighting       | 2 3 5 6 8 |  8.0
Invocations    | 2 5 7 |  7.9
Evocations     | 2 5 7 |  7.3
Spellcasting   | |  2.0

Action                   |  1- 3 |  4- 6 |  7- 9 | 10-12 || total
-------------------------+-------+-------+-------+-------++-------
Melee: Unarmed           |   165 |   111 |   498 |   654 ||  1428
       Punch             |     2 |       |     9 |    10 ||    21
       Tailslap          |       |       |     6 |       ||     6
 Cast: Spider Form       |     3 |    14 |    30 |    48 ||    95
       Blade Hands       |       |       |       |     7 ||     7
       Ice Form          |       |       |       |     3 ||     3
Invok: Upheaval          |       |       |       |     4 ||     4
  Use: Scroll            |       |    14 |     8 |    13 ||    35
       Potion            |       |       |     1 |     3 ||     4
 Stab: Sleeping          |     2 |     4 |       |       ||     6
       Invisible         |       |       |     3 |       ||     3
  Eat: Chunk             |     5 |     6 |    16 |    27 ||    54
       Beef jerky        |       |       |     1 |     1 ||     2
       Pizza             |       |       |       |     1 ||     1
Armor: Robe              |    19 |     2 |    10 |     2 ||    33
       Skin              |     1 |     2 |     2 |    10 ||    15
       Troll leather arm |       |       |       |    15 ||    15
Dodge: Dodged            |   134 |    75 |   318 |   531 ||  1058
       Deflected         |       |       |       |     5 ||     5
Block: Other             |       |    10 |    92 |    95 ||   197
       Reflection        |       |       |     2 |       ||     2
